 Dungeon Crawl Stone Soup version 0.20.0 (webtiles) character file.

25 DawDaw the Chiller (level 2, 0/23 HPs)
             Began as a Draconian Ice Elementalist on July 25, 2017.
             Slain by a hobgoblin
             ... wielding a +0 club
              (3 damage)
             ... on level 1 of the Dungeon.
             The game lasted 00:07:51 (986 turns).

DawDaw the Chiller (Draconian Ice Elementalist)      Turns: 986, Time: 00:07:51

Health: 0/23       AC:  4    Str: 10    XL:     2   Next: 86%
Magic:  5/5        EV: 12    Int: 15    God:
Gold:   57         SH:  0    Dex: 11    Spells: 4/5 levels left

rFire    . . .     SeeInvis .   d - +0 mace {Macey}
rCold    . . .     Gourm    .   (no shield)
rNeg     . . .     Faith    .   (armour unavailable)
rPois    .         Spirit   .   (helmet restricted)
rElec    .         Reflect  .   (no cloak)
rCorr    .         Harm     .   (no gloves)
MR       .....                  (no boots)
Stlth    ++........             (no amulet)
Regen    0.1/turn               (no ring)
MPRegen  0.1/turn               (no ring)

@: flying
A: unfitting armour, cold-blooded, AC +4
a: no special abilities


You were on level 1 of the Dungeon.
You were full.

You visited 1 branch of the dungeon, and saw 1 of its levels.

You collected 57 gold pieces.

Inventory:

Hand Weapons
 b - a +0 dagger
 d - a +0 mace (weapon) {Macey}
 e - a +0 spear
 f - a +0 hunting sling
 g - a +0 club
 h - a +0 whip
 i - a +0 spear
 k - a +0 club
 r - a +0 dagger
 u - a cursed -2 short sword
 v - a +0 spear
Missiles
 c - 96 stones (quivered)
 j - 10 poisoned needles
Armour
 n - a +0 leather armour
 o - a +0 robe
 t - a +0 ring mail
Scrolls
 p - a scroll of teleportation {unknown}
 s - a scroll of fear {unknown}
 w - a scroll of fog {unknown}
Potions
 l - a potion of agility {unknown}
Books
 a - a book of Frost

   Spells                             Type                      Level
   a - Freeze                         Ice                          1
   b - Throw Frost                    Conjuration/Ice              2
   c - Ozocubu's Armour               Charms/Ice                   3
   d - Throw Icicle                   Conjuration/Ice              4
   e - Summon Ice Beast               Ice/Summoning                4
Comestibles
 m - a meat ration


   Skills:
 + Level 1.2 Fighting
 + Level 0.6 Maces & Flails
 + Level 1.8 Dodging
 + Level 1.9 Stealth
 + Level 2.2 Spellcasting
   Level 1.0 Conjurations
 + Level 3.3 Ice Magic


You had 4 spell levels left.
You knew the following spells:

 Your Spells              Type           Power        Failure   Level  Hunger
a - Freeze                Ice            ##..         5%          1    #......


Dungeon Overview and Level Annotations

Branches:
Dungeon (1/15)

Altars:


Innate Abilities, Weirdness & Mutations

Your plain brown scales are hard. (AC +4)
You cannot fit into any form of body armour.
You are cold-blooded and may be slowed by cold attacks.


Message History

The leopard gecko is heavily wounded.
The leopard gecko barely misses you. The leopard gecko bites you.
You closely miss the leopard gecko.
The leopard gecko is heavily wounded.
The leopard gecko closely misses you. The hobgoblin hits you with a club!
* * * LOW HITPOINT WARNING * * *
You miss the leopard gecko.
The leopard gecko is heavily wounded.
The leopard gecko bites you.
* * * LOW HITPOINT WARNING * * *
The hobgoblin misses you. The leopard gecko bites you.
* * * LOW HITPOINT WARNING * * *
It was a potion of flight.
You feel very buoyant.
You fly up into the air.
The hobgoblin completely misses you. The leopard gecko barely misses you.
The leopard gecko bites you but does no damage.
The hobgoblin barely misses you. The hobgoblin hits you with a club.
You die...

###### #.....
############.##..
#.l..........##b#
#######g#########..##.#
#(....@.# #..#...
#.####### ######..#...
#.# #........... #.#
##.####...... #.#
#............ #.#
#..####..#...
########.#
##..####..#...
#........######
#.........†..#
#.#...........#
#..[###.......


You could see a leopard gecko and a hobgoblin.

Vanquished Creatures
  3 dart slugs (D:1)
  A giant cockroach (D:1)
  A goblin (D:1)
  3 hobgoblins (D:1)
  5 kobolds (D:1)
  2 bats (D:1)
  2 frilled lizards (D:1)
  2 rats (D:1)
19 creatures vanquished.

Notes
Turn   | Place    | Note
-------+----------+-------------------------------------------
     0 | D:1      | DawDaw the Draconian Ice Elementalist began the quest for the Orb.
     0 | D:1      | Reached XP level 1. HP: 14/14 MP: 3/3
   334 | D:1      | Reached XP level 2. HP: 17/22 MP: 5/5
   753 | D:1      | Reached skill level 1 in Fighting
   959 | D:1      | HP: 1/23 [leopard gecko (2)]
   986 | D:1      | Slain by a hobgoblin

Skill      XL: |  1  2 |
---------------+-------+-----
Fighting       | 1 |  1.2
Maces & Flails | |  0.6
Dodging        | |  1.8
Stealth        | |  1.9
Spellcasting   | |  2.2
Conjurations   | |  1.0
Ice Magic      | |  3.3

Action                   || total
-------------------------++-------
Melee: Mace              ||    64
       Tailslap          ||     4
  Use: Potion            ||     1
 Stab: Sleeping          ||     1
  Eat: Bread ration      ||     1
Armor: Skin              ||    30
Dodge: Dodged            ||    72
